[Event "Titled Tuesday Blitz December 13 Early 2022"]
[White "Taboas Rodriguez, Daniel"]
[Black "Kaganskiy, Gleb"]
[WhiteFideId "2208466"]
[BlackFideId "4132025"]
[WhiteElo "2329"]
[BlackElo "2165"]
[Result "1-0"]
[Round "03"]
[TimeControl "180+1"]
[Date "2022.12.14"]
[WhiteClock "0:00:14"]
[BlackClock "0:00:01"]

1. d4 Nf6 2. Nf3 d5 3. c4 e6 4. Bg5 Nbd7 5. e3 c6 6. Nc3 Qa5 7. Nd2 dxc4 8. Bxf6 Nxf6 9. Nxc4 Qc7 10. Bd3 Be7 11. O-O O-O 12. Qc2 Rd8 13. Ne4 Nxe4 14. Bxe4 g6 15. Rac1 Bd7 16. Ne5 Be8 17. Nd3 Rac8 18. b4 a5 19. a3 axb4 20. axb4 Qb6 21. Qc4 Ra8 22. Ra1 Ra7 23. g3 Rda8 24. Rxa7 Rxa7 25. Rb1 Ra4 26. Nc5 Ra8 27. h4 h5 28. Kg2 Qc7 29. Nd3 Qb6 30. Rb2 Ra1 31. Nf4 Bd7 32. Nd3 Kg7 33. Ne5 Be8 34. Qc3 Kg8 35. Nc4 Qc7 36. Na5 Bxb4 37. Qxb4 Qxa5 38. Qxa5 Rxa5 39. Rxb7 Kf8 40. Rc7 Ra6 41. Kf3 Rb6 42. Kf4 Kg7 43. Bf3 Ra6 44. Ke5 Ra2 45. Bxc6 Rc2 46. Kd6 Bxc6 47. Rxc6 Rxf2 48. e4 Rf3 49. d5 exd5 50. exd5 Rxg3 51. Kc7 Rd3 52. d6 Kf8 53. Rc4 f5 54. Rc1 1-0


[Site "https://www.chess.com"]

[Event "Titled Tuesday Blitz December 13 Early 2022"]
[White "Tan, Zhongyi"]
[Black "Lazavik, Denis"]
[WhiteFideId "8603642"]
[BlackFideId "13515110"]
[WhiteElo "2510"]
[BlackElo "2484"]
[Result "0-1"]
[Round "03"]
[TimeControl "180+1"]
[Date "2022.12.13"]
[WhiteClock "0:00:01"]
[BlackClock "0:00:03"]

1. d4 f5 2. c4 Nf6 3. g3 g6 4. Bg2 Bg7 5. Nc3 O-O 6. Nf3 d6 7. O-O c6 8. b3 Qc7 9. Ba3 Ne4 10. Qc2 Nxc3 11. Qxc3 Nd7 12. Rad1 Nf6 13. Qc2 Bd7 14. e3 a5 15. Nd2 Rfe8 16. Rfe1 e5 17. dxe5 dxe5 18. e4 f4 19. c5 Bg4 20. f3 Be6 21. Nc4 fxg3 22. hxg3 Nh5 23. Kh2 Rf8 24. Nd6 Qe7 25. Bc1 Bf6 26. g4 Nf4 27. Bxf4 exf4 28. e5 Bh4 29. Re2 Bg3+ 30. Kg1 Kg7 31. Ne4 Bd5 32. Nf6 Rad8 33. Qc3 Bh4 34. Nxd5 cxd5 35. Red2 Qe6 36. Qxa5 Qxe5 37. Qb6 Rf7 38. c6 Rd6 39. Rc2 Rfd7 40. b4 d4 41. b5 Qe3+ 42. Kh1 d3 43. Qxe3 fxe3 44. Rcc1 bxc6 45. bxc6 Rc7 46. Bf1 d2 47. Rc3 Bf2 48. Bb5 Rdxc6 49. Bxc6 e2 50. Rcc1 Rxc6 51. Rxc6 exd1=Q+ 0-1


[Site "https://www.chess.com"]

[Event "Titled Tuesday Blitz December 13 Early 2022"]
[White "Tarnowska, Aleksandra"]
[Black "Tomaszewski, Kacper"]
[WhiteFideId "1180967"]
[BlackFideId "1127373"]
[WhiteElo "1776"]
[BlackElo "2211"]
[Result "0-1"]
[Round "03"]
[TimeControl "180+1"]
[Date "2022.12.14"]
[WhiteClock "0:00:05"]
[BlackClock "0:01:13"]

1. e4 c5 2. Nf3 e6 3. c3 d5 4. exd5 Qxd5 5. d4 Nf6 6. Be3 Be7 7. Be2 O-O 8. O-O Qd8 9. dxc5 Qc7 10. b4 a5 11. a3 Nd5 12. Bd4 Nc6 13. c4 Nxd4 14. Nxd4 Nf4 15. Nb5 Qe5 16. N1c3 axb4 17. axb4 Rxa1 18. Qxa1 Nxe2+ 19. Nxe2 Qxe2 20. Qc3 Bf6 21. Qb3 e5 22. Na7 Be6 23. Rc1 Ra8 24. Nb5 Bxc4 0-1


[Site "https://www.chess.com"]

[Event "Titled Tuesday Blitz December 13 Early 2022"]
[White "Terzi, Alexei"]
[Black "Kopylov, Alexander A."]
[WhiteFideId "13505076"]
[BlackFideId "4164857"]
[WhiteElo "2172"]
[BlackElo "2436"]
[Result "0-1"]
[Round "03"]
[TimeControl "180+1"]
[Date "2022.12.14"]
[WhiteClock "0:00:05"]
[BlackClock "0:01:18"]

1. d4 Nf6 2. Nf3 e6 3. Bf4 b6 4. h3 Bb7 5. e3 c5 6. c3 Be7 7. Nbd2 O-O 8. Bd3 cxd4 9. exd4 d6 10. O-O a6 11. a4 Nbd7 12. Re1 Qc7 13. Nc4 Bd5 14. Ne3 Bc6 15. Bh2 Rfe8 16. Qb3 Bxf3 17. gxf3 Qb7 18. Bf1 d5 19. Ng4 Nf8 20. Bd3 Ng6 21. Re3 Nh5 22. Rae1 Bg5 23. Bxg6 hxg6 24. R3e2 Bf4 25. Ne5 b5 26. Nd3 Bxh2+ 27. Kxh2 Qc7+ 28. Kg2 Rab8 29. Re3 Qc4 30. Qa3 bxa4 31. Ra1 Rb6 32. Qxa4 Qc8 33. Qa5 Rc6 34. Ra4 Qb7 35. Rb4 Qe7 36. Qa4 Qg5+ 37. Kf1 Rec8 38. Qb3 Qh4 39. Rb8 Qxh3+ 40. Ke2 Qh2 41. Rxc8+ Rxc8 42. Qb7 Rb8 43. Qxa6 Nf4+ 44. Nxf4 Rxb2+ 45. Kd3 Qxf4 46. Qa8+ Kh7 47. Qa1 Qf5+ 48. Re4 Qxf3+ 0-1


[Site "https://www.chess.com"]

[Event "Titled Tuesday Blitz December 13 Early 2022"]
[White "Thorhallsson, Simon"]
[Black "Tharushi, T H D Niklesha"]
[WhiteFideId "2310090"]
[BlackFideId "9918264"]
[WhiteElo "2108"]
[BlackElo "1596"]
[Result "1-0"]
[Round "03"]
[TimeControl "180+1"]
[Date "2022.12.14"]
[WhiteClock "0:01:47"]
[BlackClock "0:01:08"]

1. Nf3 d5 2. g3 Nf6 3. Bg2 c5 4. O-O Nc6 5. d4 c4 6. b3 b5 7. bxc4 bxc4 8. Ne5 Bb7 9. Na3 e6 10. Nxc6 Bxc6 11. Nxc4 Bb4 12. Ne5 Qc7 13. Bf4 Bd6 14. c4 Nd7 15. Nxc6 Qxc6 16. cxd5 exd5 17. Rc1 Qb6 18. Bxd5 Rd8 19. Rc6 Qb5 20. Rxd6 O-O 21. Bc6 Qb4 22. Rxd7 Rxd7 23. Bxd7 Rd8 24. Qa4 Qxa4 25. Bxa4 Rxd4 26. Bb3 a5 27. Rc1 h6 28. Rc8+ Kh7 29. Bxf7 g5 30. Be5 Rd1+ 31. Kg2 1-0


[Site "https://www.chess.com"]

[Event "Titled Tuesday Blitz December 13 Early 2022"]
[White "Timofeev, Artyom"]
[Black "Matinian, Nikita"]
[WhiteFideId "4140419"]
[BlackFideId "24129100"]
[WhiteElo "2586"]
[BlackElo "2422"]
[Result "1-0"]
[Round "03"]
[TimeControl "180+1"]
[Date "2022.12.13"]
[WhiteClock "0:01:52"]
[BlackClock "0:00:14"]

1. d4 Nf6 2. Bf4 d5 3. Nc3 c6 4. e3 Bf5 5. Nf3 e6 6. Ne5 Nbd7 7. g4 Bg6 8. h4 h6 9. Nxg6 fxg6 10. Bd3 Kf7 11. Qf3 Bb4 12. Ke2 Bxc3 13. bxc3 Ke7 14. Bxg6 Qa5 15. g5 hxg5 16. hxg5 Ne4 17. Bxe4 dxe4 18. Qxe4 Qxc3 19. Qd3 Qa5 20. Rhb1 b6 21. a4 Raf8 22. c4 Rh3 23. Qe4 Qc3 24. Rc1 Qb2+ 25. Qc2 Qxc2+ 26. Rxc2 Rf5 27. a5 g6 28. axb6 axb6 29. Ra7 1-0


[Site "https://www.chess.com"]

[Event "Titled Tuesday Blitz December 13 Early 2022"]
[White "Torres Boch, Jose Francisco"]
[Black "Fernandez De La Vara, Arnaldo"]
[WhiteFideId "2278383"]
[BlackFideId "3518388"]
[WhiteElo "2073"]
[BlackElo "2387"]
[Result "0-1"]
[Round "03"]
[TimeControl "180+1"]
[Date "2022.12.14"]
[WhiteClock "0:02:12"]
[BlackClock "0:02:21"]

1. e4 c5 2. Nf3 e6 3. d4 cxd4 4. Nxd4 a6 5. Bd3 Nf6 6. O-O Qc7 7. Qe2 d6 8. c4 g6 9. Nc3 Bg7 10. Be3 O-O 11. f4 Nbd7 12. f5 exf5 13. exf5 Re8 14. fxg6 hxg6 15. Qf3 Ne5 16. Qd1 Nxc4 17. Bg5 Nh7 18. Nf3 Nxb2 19. Nd5 Qc5+ 0-1


[Site "https://www.chess.com"]

[Event "Titled Tuesday Blitz December 13 Early 2022"]
[White "Torres Cueto, Jesus Marcial"]
[Black "Topalov, Aleksandar"]
[WhiteFideId "4415280"]
[BlackFideId "925659"]
[WhiteElo "2022"]
[BlackElo "2151"]
[Result "0-1"]
[Round "03"]
[TimeControl "180+1"]
[Date "2022.12.14"]
[WhiteClock "0:00:16"]
[BlackClock "0:00:50"]

1. Nf3 Nf6 2. c4 g6 3. g3 Bg7 4. Bg2 O-O 5. O-O c5 6. Nc3 Nc6 7. d3 a6 8. e4 Rb8 9. h3 d6 10. Be3 b5 11. Rb1 bxc4 12. dxc4 Ne8 13. Qa4 Bb7 14. Nd5 Nc7 15. Rfd1 Ne6 16. a3 a5 17. Ne1 Ba8 18. f4 Ned4 19. Nf3 e6 20. Nc3 Nxf3+ 21. Bxf3 Nd4 22. Bg2 Bc6 23. Nb5 Nxb5 24. cxb5 Bxb5 25. Qc2 Qc7 26. b4 axb4 27. axb4 c4 28. f5 Be5 29. g4 c3 30. Rbc1 Rbc8 31. Qf2 Qc4 32. Bg5 Qxb4 33. f6 Kh8 34. Bh6 Rfd8 35. Bg7+ Kg8 36. Qh4 c2 37. Re1 Qc3 38. g5 Qg3 39. Qxg3 Bxg3 40. Bf1 Bxe1 41. Bxb5 Bd2 0-1


[Site "https://www.chess.com"]

[Event "Titled Tuesday Blitz December 13 Early 2022"]
[White "Tsatsalashvili, Keti"]
[Black "Bethke, Richard"]
[WhiteFideId "13603434"]
[BlackFideId "12959243"]
[WhiteElo "2220"]
[BlackElo "2369"]
[Result "0-1"]
[Round "03"]
[TimeControl "180+1"]
[Date "2022.12.14"]
[WhiteClock "0:00:01"]
[BlackClock "0:00:04"]

1. d4 f5 2. Nf3 Nf6 3. Bg5 Ne4 4. h4 d5 5. Nbd2 Nc6 6. e3 h6 7. Bf4 e6 8. Ne5 Nxe5 9. Bxe5 Rg8 10. h5 Bd6 11. Be2 Bd7 12. c3 Qe7 13. Qb3 O-O-O 14. a4 Bxe5 15. dxe5 Nxd2 16. Kxd2 c5 17. f4 Bc6 18. Bb5 c4 19. Qa3 Qc7 20. Bxc6 Qxc6 21. a5 d4 22. cxd4 Qxg2+ 23. Kc3 Qe2 24. Rhe1 Qxh5 25. Qc5+ Kb8 26. a6 b6 27. Qc6 Qf7 28. Rg1 Rc8 29. Qf3 g5 30. fxg5 hxg5 31. Rh1 g4 32. Qg2 Rc7 33. Rh6 Qe7 34. Rah1 Qg5 35. Qg3 Qe7 36. Rh8 Rxh8 37. Rxh8+ Rc8 38. Rh6 b5 39. d5 b4+ 40. Kc2 c3 41. b3 exd5 42. e6+ Qc7 43. Qg2 Qe5 44. Rh7 Qxe6 45. Rb7+ Ka8 46. Re7 Qxe7 47. Qxd5+ Kb8 48. Qb5+ Kc7 49. Qc4+ Kd8 50. Qg8+ Kd7 51. Qd5+ Qd6 52. Qxf5+ Kc7 53. Qf7+ Qd7 54. Qc4+ Kd6 55. Qd4+ Ke7 56. Qg7+ Kd8 57. Qf8+ Kc7 58. Qc5+ Qc6 59. Qe7+ Kb6 60. Qxb4+ Qb5 61. Qd6+ Rc6 62. Qd8+ Kxa6 63. Qd1 Qf5+ 64. Kc1 c2 65. Qe2+ Qb5 66. Qxg4 Qf1+ 67. Kb2 c1=Q+ 68. Ka2 Qa1# 0-1


[Site "https://www.chess.com"]

[Event "Titled Tuesday Blitz December 13 Early 2022"]
[White "Turzo, Attila"]
[Black "Sanchez, Robert"]
[WhiteFideId "704954"]
[BlackFideId "2034360"]
[WhiteElo "2572"]
[BlackElo "2344"]
[Result "1-0"]
[Round "03"]
[TimeControl "180+1"]
[Date "2022.12.14"]
[WhiteClock "0:00:11"]
[BlackClock "0:00:08"]

1. d4 Nf6 2. c4 e6 3. Nf3 Bb4+ 4. Bd2 a5 5. e3 O-O 6. Bd3 d5 7. O-O Be7 8. Nc3 c6 9. e4 dxc4 10. Bxc4 b5 11. Bd3 Bb7 12. e5 Nd5 13. Ne4 Nd7 14. Rc1 Rc8 15. Nfg5 h6 16. Qh5 c5 17. Nh7 c4 18. Bb1 f5 19. exf6 N7xf6 20. Nexf6+ Nxf6 21. Qg6 Rf7 22. Bxh6 Qd5 23. f3 Qxd4+ 24. Kh1 Qh4 25. Ng5 Rcf8 26. Nxf7 Rxf7 27. Bg5 Qd4 28. Rfd1 Qxb2 29. Rc2 Qb4 30. Rcd2 Bd5 31. Bxf6 Bxf6 32. Qh7+ Kf8 33. Qh8+ Ke7 34. Qc8 Bc3 35. Re2 Qd6 36. Qg8 Bb4 37. Bg6 e5 38. Bxf7 Bxf7 39. Rxd6 Bxg8 40. Rb6 c3 41. Rxb5 Bc4 42. Rb7+ Kf6 43. Rc2 Bd3 44. Rc1 c2 45. Rc7 Ba3 46. R7xc2 Bxc2 47. Rxc2 Ke6 48. Rc6+ Kd5 49. Rc2 Bb4 50. g3 Kd4 51. Kg2 Kd3 52. Rc7 g5 53. h4 gxh4 54. gxh4 1-0


[Site "https://www.chess.com"]

[Event "Titled Tuesday Blitz December 13 Early 2022"]
[White "Tworuszka, Michal"]
[Black "Johnson, Ben"]
[WhiteFideId "1117858"]
[BlackFideId "2010917"]
[WhiteElo "2422"]
[BlackElo "2197"]
[Result "0-1"]
[Round "03"]
[TimeControl "180+1"]
[Date "2022.12.14"]
[WhiteClock "0:00:02"]
[BlackClock "0:00:14"]

1. d4 Nf6 2. c4 e6 3. Nf3 d5 4. g3 dxc4 5. Bg2 c5 6. O-O Nc6 7. Qa4 Bd7 8. Qxc4 b5 9. Qc3 Nd5 10. Qd3 c4 11. Qc2 Be7 12. a3 f5 13. Nc3 Nxc3 14. bxc3 Rb8 15. Bf4 Rb6 16. e4 O-O 17. exf5 exf5 18. Ne5 Nxe5 19. Bxe5 Bc6 20. d5 Bb7 21. Rfd1 Bf6 22. Bd4 Bxd4 23. Rxd4 Rd6 24. Rad1 f4 25. Rxf4 Rxf4 26. gxf4 Qf6 27. Bh1 Qxf4 28. Qe4 Rg6+ 29. Kf1 Qxe4 30. Bxe4 Rd6 31. Ke2 h6 32. Ke3 g5 33. Kd4 Ra6 34. Ra1 Kf8 35. Kc5 Ke7 36. Kxb5 Kd6 0-1


[Site "https://www.chess.com"]

[Event "Titled Tuesday Blitz December 13 Early 2022"]
[White "Tymrakiewicz, Rafal"]
[Black "Csonka, Balazs"]
[WhiteFideId "1108832"]
[BlackFideId "742910"]
[WhiteElo "2139"]
[BlackElo "2404"]
[Result "0-1"]
[Round "03"]
[TimeControl "180+1"]
[Date "2022.12.14"]
[WhiteClock "0:00:03"]
[BlackClock "0:00:03"]

1. d4 d5 2. Bg5 f6 3. Bf4 Nc6 4. Nf3 g5 5. Bg3 h5 6. h3 Nh6 7. c4 Nf5 8. Bh2 g4 9. cxd5 Qxd5 10. Nc3 Qa5 11. d5 g3 12. Bg1 Ne5 13. Nxe5 fxe5 14. e4 Nd4 15. fxg3 Rg8 16. g4 hxg4 17. h4 g3 18. Bxd4 exd4 19. Qxd4 Bd7 20. O-O-O O-O-O 21. Kb1 Bg7 22. Qc4 Rdf8 23. Be2 Be5 24. Bf3 Rg6 25. Rc1 Rb6 26. Rc2 Rb4 27. Qd3 Qb6 28. Rhc1 a5 29. h5 a4 30. a3 Rb3 31. Qc4 Rxa3 32. d6 e6 33. dxc7 Rb3 34. Bd1 a3 35. Na4 Bxa4 36. Rd2 Rxb2+ 37. Ka1 Rxd2+ 0-1


[Site "https://www.chess.com"]

[Event "Titled Tuesday Blitz December 13 Early 2022"]
[White "Urazayev, Arystanbek"]
[Black "Shuvalov, Evgenij"]
[WhiteFideId "13709810"]
[BlackFideId "4187237"]
[WhiteElo "2463"]
[BlackElo "2049"]
[Result "1-0"]
[Round "03"]
[TimeControl "180+1"]
[Date "2022.12.14"]
[WhiteClock "0:01:45"]
[BlackClock "0:00:31"]

1. e4 e6 2. d4 d5 3. Nc3 Bb4 4. Ne2 dxe4 5. a3 Bxc3+ 6. Nxc3 Nc6 7. Be3 Nf6 8. g4 e5 9. d5 Bxg4 10. Be2 Bxe2 11. Qxe2 Nd4 12. Bxd4 exd4 13. Nxe4 O-O 14. O-O-O Re8 15. Nxf6+ Qxf6 16. Qg4 Qxf2 17. Rhf1 Qe2 18. Qf5 Rf8 19. Rxd4 Rae8 20. Kb1 Qxh2 21. Rg4 g6 22. Qf6 Qh6 23. Qc3 Re7 24. Qb4 Qe3 25. Rh4 Re5 26. Rxh7 Qe4 27. Rh8+ Kxh8 28. Qxf8+ Kh7 29. Rxf7# 1-0


[Site "https://www.chess.com"]

[Event "Titled Tuesday Blitz December 13 Early 2022"]
[White "Vega Gutierrez, Sabrina"]
[Black "Munkhgal, Gombosuren"]
[WhiteFideId "2219026"]
[BlackFideId "4901266"]
[WhiteElo "2261"]
[BlackElo "2577"]
[Result "0-1"]
[Round "03"]
[TimeControl "180+1"]
[Date "2022.12.14"]
[WhiteClock "0:00:08"]
[BlackClock "0:02:16"]

1. e4 d6 2. d4 Nf6 3. Nc3 g6 4. Bg5 Bg7 5. Qd2 h6 6. Be3 Ng4 7. Bf4 g5 8. Bg3 Nf6 9. h4 g4 10. f4 c6 11. O-O-O Nh5 12. Bf2 b5 13. g3 b4 14. Nce2 Qa5 15. Kb1 Ba6 16. Nc1 Bxf1 17. Rxf1 Nd7 18. Nge2 Nb6 19. e5 Nc4 20. Qd3 d5 21. f5 Qb5 22. Nf4 Nxf4 23. gxf4 h5 24. f6 exf6 25. exf6 Bxf6 26. Re1+ Kf8 27. Qf5 Kg7 28. Nd3 Nd2+ 29. Kc1 Ne4 30. Rxe4 dxe4 31. Nc5 Rae8 32. Re1 Qc4 33. Nxe4 Qe6 34. Qxe6 Rxe6 35. f5 Re7 36. Nxf6 Rxe1+ 37. Bxe1 Kxf6 38. Bxb4 Kxf5 39. Bc5 g3 0-1


[Site "https://www.chess.com"]

[Event "Titled Tuesday Blitz December 13 Early 2022"]
[White "Vidit, Santosh Gujrathi"]
[Black "Lamaze, Simon"]
[WhiteFideId "5029465"]
[BlackFideId "36069264"]
[WhiteElo "3018"]
[BlackElo "2633"]
[Result "1/2-1/2"]
[Round "03"]
[TimeControl "180+1"]
[Date "2022.12.14"]
[WhiteClock "0:00:47"]
[BlackClock "0:01:04"]

1. e4 c5 2. Nc3 d6 3. f4 Nc6 4. Bb5 g6 5. Bxc6+ bxc6 6. Nf3 Bg7 7. O-O c4 8. Qe2 Ba6 9. Kh1 Nf6 10. e5 Nd5 11. Ng5 O-O 12. b3 Nxc3 13. dxc3 dxe5 14. fxe5 Qc8 15. b4 c5 16. a4 cxb4 17. cxb4 Bb7 18. Bf4 f6 19. exf6 exf6 20. Qe6+ Qxe6 21. Nxe6 Rfe8 22. Nc7 Re2 23. Nxa8 Rxg2 24. h4 Bxa8 25. Rad1 Rxc2+ 26. Kg1 Rg2+ 27. Kh1 Rd2+ 28. Kg1 Rg2+ 29. Kh1 Rd2+ 30. Kg1 Rg2+ 1/2-1/2


[Site "https://www.chess.com"]

[Event "Titled Tuesday Blitz December 13 Early 2022"]
[White "Vokhidov, Shamsiddin"]
[Black "Wagner, Dennis"]
[WhiteFideId "14204223"]
[BlackFideId "24650684"]
[WhiteElo "2597"]
[BlackElo "2470"]
[Result "1-0"]
[Round "03"]
[TimeControl "180+1"]
[Date "2022.12.13"]
[WhiteClock "0:01:35"]
[BlackClock "0:00:03"]

1. e4 c5 2. Nf3 d6 3. Bb5+ Nd7 4. a4 Nf6 5. Nc3 a6 6. Be2 g6 7. O-O Bg7 8. d4 cxd4 9. Nxd4 b6 10. Nc6 Qc7 11. Nb4 Bb7 12. Nbd5 Qd8 13. Be3 O-O 14. Qd2 Rc8 15. Rfd1 Nc5 16. f3 Nfd7 17. Bh6 Bxh6 18. Qxh6 e6 19. Ne3 Qe7 20. Rd2 Nf6 21. Rad1 Rfd8 22. Qg5 Kf8 23. Nc4 d5 24. Nxb6 Rc6 25. a5 Ncd7 26. exd5 Qc5+ 27. Kh1 exd5 28. Rxd5 Nxd5 29. Qxd8+ Kg7 30. Nxd7 Qd6 31. Rxd5 Qf4 1-0


[Site "https://www.chess.com"]

[Event "Titled Tuesday Blitz December 13 Early 2022"]
[White "Volkov, Maksim"]
[Black "Deuer, Marius"]
[WhiteFideId "54123070"]
[BlackFideId "16236432"]
[WhiteElo "2257"]
[BlackElo "2226"]
[Result "1-0"]
[Round "03"]
[TimeControl "180+1"]
[Date "2022.12.14"]
[WhiteClock "0:01:20"]
[BlackClock "0:01:04"]

1. d4 Nf6 2. c4 e6 3. g3 c5 4. d5 exd5 5. cxd5 d6 6. Nc3 g6 7. Nf3 Bg7 8. Bg2 O-O 9. O-O Re8 10. Bf4 a6 11. a4 Bf5 12. Nh4 Bg4 13. Qd2 Nh5 14. Bg5 Bf6 15. Bxf6 Nxf6 16. Rfe1 Nbd7 17. h3 Bf5 18. Nxf5 gxf5 19. Qg5+ Kh8 20. Qxf5 Qe7 21. e4 Rg8 22. Kh2 Qe5 23. Qxe5 Nxe5 24. f4 Nd3 25. Re2 Nd7 26. Rd1 c4 27. b3 Rac8 28. bxc4 Nb4 29. Rd4 Nb6 30. e5 Rxc4 31. Rxc4 Nxc4 32. e6 f5 33. g4 Nd3 34. e7 Re8 35. gxf5 Nxf4 36. f6 Kg8 37. Rf2 1-0


[Site "https://www.chess.com"]

[Event "Titled Tuesday Blitz December 13 Early 2022"]
[White "Weetik, Vjacheslav"]
[Black "Molina Carretero, Daniel"]
[WhiteFideId "4153472"]
[BlackFideId "32071914"]
[WhiteElo "2469"]
[BlackElo "2109"]
[Result "1-0"]
[Round "03"]
[TimeControl "180+1"]
[Date "2022.12.14"]
[WhiteClock "0:00:14"]
[BlackClock "0:00:02"]

1. d4 Nf6 2. Nf3 e6 3. c4 b6 4. g3 Ba6 5. b3 Bb4+ 6. Bd2 Be7 7. Nc3 d5 8. cxd5 exd5 9. Bg2 Nbd7 10. Ne5 Bb7 11. O-O O-O 12. Bf4 Rc8 13. Rc1 a6 14. Qd3 Re8 15. Rc2 c5 16. dxc5 Nxc5 17. Qd1 Nce4 18. Nxe4 dxe4 19. Rd2 Qc7 20. Nxf7 Qc6 21. Nd6 Bxd6 22. Rxd6 Qb5 23. Qd4 Nd5 24. Bd2 Nf6 25. Rxb6 Qxe2 26. Bg5 Red8 27. Qe5 e3 28. Qxe3 Qxe3 29. Bxe3 Bxg2 30. Kxg2 Nd5 31. Rxa6 Nxe3+ 32. fxe3 Rd2+ 33. Rf2 Rxf2+ 34. Kxf2 g5 35. Kf3 h5 36. Rg6+ Kf7 37. Rxg5 Rh8 38. h4 Kf6 39. a4 Rh7 40. a5 Rb7 41. Rxh5 Rxb3 42. a6 Ra3 43. Rh6+ Kg7 44. Rb6 Kf7 45. h5 Kg7 46. g4 Kf7 47. g5 Kg7 48. Rb7+ Kh8 49. a7 Ra1 50. Rb8+ Kh7 51. a8=Q 1-0


[Site "https://www.chess.com"]

[Event "Titled Tuesday Blitz December 13 Early 2022"]
[White "Williams, Simon K"]
[Black "Alice, Mateus Felizardo Viageiro"]
[WhiteFideId "404454"]
[BlackFideId "14800047"]
[WhiteElo "2468"]
[BlackElo "2189"]
[Result "1-0"]
[Round "03"]
[TimeControl "180+1"]
[Date "2022.12.14"]
[WhiteClock "0:01:08"]
[BlackClock "0:00:14"]

1. d4 Nf6 2. Bg5 d5 3. Bxf6 exf6 4. e3 g6 5. h4 h5 6. c4 dxc4 7. Bxc4 Bd6 8. Nc3 Qe7 9. Nge2 c6 10. O-O Nd7 11. e4 Nb6 12. Bb3 O-O 13. Qd3 c5 14. e5 c4 15. exd6 Qe6 16. d5 cxd3 17. dxe6 dxe2 18. exf7+ Kg7 19. Rfe1 a5 20. a4 Bf5 21. Rxe2 Rad8 22. Rd1 Nc8 23. Nb5 Bd7 24. Nc7 Bg4 25. f3 Bf5 26. Rd5 Nxd6 27. Rxd6 Rxd6 28. Ne8+ 1-0


[Site "https://www.chess.com"]

[Event "Titled Tuesday Blitz December 13 Early 2022"]
[White "Winkels, Marcel"]
[Black "Tarasova, Viktoriya"]
[WhiteFideId "1003887"]
[BlackFideId "4175840"]
[WhiteElo "1900"]
[BlackElo "2182"]
[Result "1-0"]
[Round "03"]
[TimeControl "180+1"]
[Date "2022.12.14"]
[WhiteClock "0:01:25"]
[BlackClock "0:00:05"]

1. d4 Nf6 2. Nc3 d5 3. Bf4 Bf5 4. e3 a6 5. f3 h5 6. Bd3 Bxd3 7. cxd3 e6 8. Nge2 Bd6 9. Be5 Nbd7 10. f4 Ng4 11. Bxd6 cxd6 12. Qd2 h4 13. h3 Ngf6 14. O-O Nh5 15. f5 Qe7 16. fxe6 fxe6 17. e4 dxe4 18. dxe4 O-O-O 19. Rac1 Kb8 20. b4 g5 21. b5 a5 22. b6 g4 23. Nb5 Nxb6 24. Qxa5 Nc8 25. Rc7 Qe8 26. Rfc1 gxh3 27. Rxc8+ Rxc8 28. Qa7# 1-0


[Site "https://www.chess.com"]

[Event "Titled Tuesday Blitz December 13 Early 2022"]
[White "Yirik, Volkan"]
[Black "Sprenar, Petr"]
[WhiteFideId "6300782"]
[BlackFideId "397164"]
[WhiteElo "1902"]
[BlackElo "2182"]
[Result "0-1"]
[Round "03"]
[TimeControl "180+1"]
[Date "2022.12.14"]
[WhiteClock "0:02:41"]
[BlackClock "0:01:56"]

1. e4 c5 2. Nc3 e6 3. Bc4 Nc6 4. f4 a6 5. a4 Nf6 6. e5 d5 7. exd6 Bxd6 8. d3 Qc7 9. Nge2 e5 10. O-O O-O 11. f5 e4 12. dxe4 Bxh2+ 13. Kh1 Be5 14. Bg5 h6 15. Bxf6 Bxf6 16. Nd5 Qe5 17. Nxf6+ Qxf6 18. Nc3 Ne5 19. Ba2 Qh4+ 20. Kg1 Ng4 21. Rf3 Qh2+ 22. Kf1 Qh1+ 23. Ke2 Qxg2+ 0-1


[Site "https://www.chess.com"]

[Event "Titled Tuesday Blitz December 13 Early 2022"]
[White "Yuan, Qingyu"]
[Black "Sailer, Mike"]
[WhiteFideId "8609772"]
[BlackFideId "2012901"]
[WhiteElo "2359"]
[BlackElo "2109"]
[Result "1-0"]
[Round "03"]
[TimeControl "180+1"]
[Date "2022.12.14"]
[WhiteClock "0:00:03"]
[BlackClock "0:00:06"]

1. e4 d5 2. exd5 Qxd5 3. Nc3 Qd6 4. d4 Nf6 5. Nf3 c6 6. Ne5 Nbd7 7. f4 g6 8. g4 Bg7 9. Bg2 Nb6 10. O-O O-O 11. a4 Nbd5 12. Qe2 Nxc3 13. bxc3 Nd5 14. Qe1 b6 15. Ba3 Qc7 16. c4 Bxe5 17. fxe5 Bxg4 18. cxd5 cxd5 19. Qh4 Be6 20. Bxe7 Rfe8 21. Bf6 h5 22. Rf2 Qc3 23. Raf1 Rac8 24. Kh1 Rc4 25. Rf4 Qxc2 26. Qg5 Kh7 27. Rh4 Qe2 28. Rhf4 Rc2 29. R4f2 Qd3 30. Rf3 Qe2 31. R3f2 Qd3 32. Rxc2 Qxc2 33. Qe3 Qxa4 34. Bf3 Qc2 35. Rg1 Qf5 36. Be2 Rc8 37. Rg5 Qb1+ 38. Kg2 Rc1 39. Rxh5+ Kg8 40. Rh8# 1-0


[Site "https://www.chess.com"]

[Event "Titled Tuesday Blitz December 13 Early 2022"]
[White "Yurasova, Daria"]
[Black "Qashashvili, Alexandre"]
[WhiteFideId "34146919"]
[BlackFideId "13600842"]
[WhiteElo "2098"]
[BlackElo "2405"]
[Result "1-0"]
[Round "03"]
[TimeControl "180+1"]
[Date "2022.12.14"]
[WhiteClock "0:00:51"]
[BlackClock "0:00:02"]

1. d4 c6 2. c4 d5 3. Nf3 Nf6 4. Qc2 g6 5. Bf4 Bg7 6. e3 Bf5 7. Qb3 Qb6 8. c5 Qxb3 9. axb3 Nbd7 10. Nc3 O-O 11. b4 a6 12. h3 h5 13. Be2 Ne4 14. O-O Nxc3 15. bxc3 Rfe8 16. Bh2 e5 17. Rfd1 exd4 18. cxd4 Nf6 19. Ra3 Ne4 20. Bf1 Re7 21. b5 cxb5 22. Bxb5 Rd8 23. Bf1 Bf6 24. Rb3 Bc8 25. Nd2 Nxd2 26. Rxd2 Bg7 27. Be2 f5 28. Bf3 Red7 29. Rdb2 Bf8 30. Be5 Kf7 31. Rb6 Be7 32. g3 Re8 33. Bd6 Bxd6 34. Bxd5+ Ke7 35. cxd6+ Rxd6 36. Bxb7 Bxb7 37. Rxb7+ Kf6 38. Ra7 Re7 39. Ra8 Rc7 40. Kg2 Rcd7 41. Rbb8 Rc7 42. Rf8+ Rf7 43. Rxf7+ Kxf7 44. Kf3 Kf6 45. h4 Rb6 46. Kf4 Rd6 47. f3 Rb6 48. e4 fxe4 49. fxe4 Re6 50. d5 Rb6 51. e5+ Kf7 52. Ra7+ Kf8 53. e6 Rb1 54. d6 Re1 55. e7+ 1-0


[Site "https://www.chess.com"]

[Event "Titled Tuesday Blitz December 13 Early 2022"]
[White "Zaichenko, Daria"]
[Black "Aizpurua, Patrick Emilio"]
[WhiteFideId "4197453"]
[BlackFideId "6600522"]
[WhiteElo "2039"]
[BlackElo "2378"]
[Result "0-1"]
[Round "03"]
[TimeControl "180+1"]
[Date "2022.12.14"]
[WhiteClock "0:00:01"]
[BlackClock "0:00:06"]

1. e4 c5 2. Nf3 e6 3. d4 cxd4 4. Nxd4 a6 5. Nc3 Qc7 6. Be2 Nc6 7. O-O Nf6 8. Be3 Be7 9. f4 d6 10. Kh1 Rb8 11. a4 O-O 12. Qe1 Na5 13. Qg3 Nc4 14. Bc1 b6 15. b3 Na5 16. Bb2 Bb7 17. Bd3 Rfe8 18. e5 dxe5 19. fxe5 Bc5 20. Nce2 Nh5 21. Qh3 g6 22. Nf4 Nxf4 23. Rxf4 Qxe5 24. Rxf7 h5 25. Bxg6 Bxd4 26. Bxd4 Qxd4 27. Raf1 Qg4 28. Qxg4 hxg4 29. b4 Nc4 30. Rxb7 Rxb7 31. Bxe8 a5 32. Rf4 Ne5 33. Re4 Nd7 34. Rxg4+ Kf8 35. Bxd7 Rxd7 36. h3 Rd1+ 37. Kh2 Rd2 38. bxa5 bxa5 39. Rg5 Rxc2 40. Rxa5 Ra2 41. Ra8+ Kf7 42. a5 Ra3 43. a6 e5 44. a7 Kg7 45. Kg1 Ra2 46. Kf1 e4 47. h4 e3 48. h5 Kh7 49. g4 Ra4 50. Ke2 Ra3 51. g5 Ra5 0-1


[Site "https://www.chess.com"]